 Dungeon Crawl Stone Soup version 0.28.0-45-g0d030f2227 (webtiles) character file.

Game seed: 10005465131785725059

5505 101zpm the Thaumaturge (level 10, -1/78 HPs)
             Began as a Grey Draconian Ice Elementalist on Apr 19, 2022.
             Was a Believer of Vehumet.
             Slain by a komodo dragon (13 damage)
             ... on level 9 of the Dungeon.
             The game lasted 00:39:19 (12083 turns).

101zpm the Thaumaturge (DrIE)                      Turns: 12083, Time: 00:39:19

Health: -1/78      AC: 24    Str: 15    XL:     10   Next: 42%
Magic:  17/22      EV: 13    Int: 19    God:    Vehumet [**....]
Gold:   505        SH:  0    Dex: 11    Spells: 5/25 levels left

rFire   . . .      SeeInvis .   x - +1 morningstar (holy)
rCold   . . .      Faith    .   z - orb {light}
rNeg    + + .      Spirit   .   (armour unavailable)
rPois   .          Reflect  .   (helmet restricted)
rElec   .          Harm     .   N - +0 cloak
rCorr   .          Rampage  .   I - +2 pair of gloves
Will    .....                   r - +0 pair of boots
Stlth   +.........              o - amulet of magic regeneration
HPRegen 0.23/turn               Q - ring "Kaonnen" {Fly rN+ Str+5 Dex-2 Slay+3}
MPRegen 0.58/turn               A - ring of positive energy

@: ice-armoured, freezing walls, flying, glowing
A: AC +12, amphibious, unfitting armour, cold-blooded
a: Renounce Religion


You were on level 9 of the Dungeon.
You worshipped Vehumet.
Vehumet was pleased with you.
You visited 2 branches of the dungeon, and saw 10 of its levels.

You collected 505 gold pieces.

Inventory:

Hand Weapons
 h - a +1 short sword of venom
 x - a +1 morningstar of holy wrath (weapon)
 M - a +4 quarterstaff of chaos
Missiles
 p - 81 sling bullets
 q - 200 stones
Armour
 r - a +0 pair of boots (worn)
 z - an orb of light (worn)
 I - a +2 pair of gloves (worn)
 N - a +0 cloak (worn)
Jewellery
 b - a ring of wizardry
 j - an amulet of regeneration
 o - an amulet of magic regeneration (around neck)
 s - a ring of willpower
 A - a ring of positive energy (right hand)
 C - an amulet of reflection
 Q - the ring "Kaonnen" (left hand) {Fly rN+ Str+5 Dex-2 Slay+3}
   (You found it on level 8 of the Dungeon)

   [ring of positive energy]

   Str:       It affects your strength (+5).
   Dex:       It affects your dexterity (-2).
   Slay:      It affects your accuracy & damage with ranged weapons and melee
   (+3).
   rN:        It protects you from negative energy.
   Fly:       It grants you flight.
Wands
 d - a wand of polymorph (9)
 w - a wand of flame (51)
 G - a wand of iceblast (9)
Scrolls
 k - a scroll of summoning
 l - 3 scrolls of enchant weapon
 n - a scroll of teleportation
 t - 3 scrolls of fear
 u - a scroll of brand weapon
 y - a scroll of enchant armour
 B - 3 scrolls of fog
 D - a scroll of immolation {unknown}
 K - a scroll of blinking {unknown}
 O - a scroll of amnesia {unknown}
 P - a scroll of magic mapping {unknown}
Potions
 a - 2 potions of brilliance {unknown}
 c - 2 potions of flight {unknown}
 e - 2 potions of haste {unknown}
 f - a potion of degeneration {unknown}
 g - a potion of curing {unknown}
 i - 2 potions of attraction {unknown}
 m - 3 potions of invisibility {unknown}
 v - a potion of ambrosia {unknown}
 E - 2 potions of heal wounds {unknown}
 J - a potion of mutation {unknown}
 L - a potion of lignification {unknown}


   Skills:
 + Level 3.8 Fighting
 + Level 3.6 Short Blades
 + Level 6.2 Maces & Flails
 + Level 4.9 Dodging
 + Level 3.4 Stealth
 + Level 0.3 Unarmed Combat
 + Level 8.0 Spellcasting
 + Level 1.7 Conjurations
 + Level 3.1 Necromancy
 + Level 1.3 Transmutations
 + Level 7.8 Ice Magic
 + Level 1.0 Air Magic


You had 5 spell levels left.
You knew the following spells:

 Your Spells              Type           Power      Damage    Failure   Level
a - Freeze                Ice            100%       1d11      1%          1
b - Frozen Ramparts       Ice            74%        1d9       1%          3
c - Ozocubu's Armour      Ice            37%        N/A       1%          3
d - Hailstorm             Conj/Ice       25%        3d7       13%         4
e - Pain                  Necr           76%        1d7       2%          1
f - Sandblast             Erth           14%        2d6       9%          1
g - Shock                 Conj/Air       48%        1d6       5%          1
h - Beastly Appendage     Tmut           24%        N/A       5%          1
i - Swiftness             Air            11%        N/A       19%         3
j - Wereblood             Tmut           12%        N/A       8%          2

Your spell library contained the following spells:

 Spells                   Type           Power      Damage    Failure   Level
 Static Discharge         Conj/Air       12%        N/A       8%          2
 Scorch                   Fire           14%        2d5       14%         2
 Spider Form              Tmut/Pois      10%        N/A       21%         3
 Metabolic Englaciation   Hex/Ice        11%        N/A       45%         5
 Airstrike                Air            5%         N/A       52%         4
 Flame Wave               Conj/Fire      11%        2d5       54%         4
 Agony                    Necr           19%        N/A       56%         5
 Excruciating Wounds      Necr           9%         N/A       56%         5
 Olgreb's Toxic Radiance  Pois           7%         N/A       65%         4
 Simulacrum               Ice/Necr       14%        N/A       82%         6
 Ozocubu's Refrigeration  Ice            18%        4d8       97%         7
 Summon Cactus Giant      Summ           3%         N/A       100%        6
 Ignition                 Fire           3%         3d4       100%        8


Dungeon Overview and Level Annotations

Branches:
Dungeon (9/15)             Temple (1/1) D:4
   Lair: D:8-11         Orc: D:9-12

Altars:
Cheibriados
Dithmenos
Elyvilon
Fedhas
Gozag
Hepliaklqana
Kikubaaqudgha
Makhleb
Nemelex Xobeh
Okawaru
Qazlal
Ru
Sif Muna
Trog
Uskayaw
Vehumet
Wu Jian
Xom
Zin
The Shining One

Shops:
D:6 *

Annotations:
D:7 3 runed translucent doors, Faeu's ghost, amateur MiFi


Innate Abilities, Weirdness & Mutations

Your dull iron-grey scales are very hard. (AC +12)
You are amphibious.
You cannot fit into any form of body armour.
You are cold-blooded and may be slowed by cold attacks.


Message History

A komodo dragon comes into view.
The komodo dragon hisses angrily.
You sock the acid dragon!
The acid dragon is moderately wounded.
The acid dragon closely misses you. The acid dragon misses you.
A basilisk comes into view.
The basilisk hisses angrily.
You hit the acid dragon. You tail-slap the acid dragon.
The acid dragon is heavily wounded.
The acid dragon closely misses you.
The acid dragon claws you but does no damage.
The basilisk hisses menacingly.
You hit the acid dragon.
The acid dragon is heavily wounded.
The acid dragon bites you but does no damage.
The acid dragon claws you but does no damage.
The komodo dragon misses you.
You hit the acid dragon. You tail-slap the acid dragon.
The acid dragon is severely wounded.
The acid dragon misses you.
The acid dragon claws you but does no damage.
The komodo dragon bites you! The acid dragon spits acid at you.
The splash of acid hits you!!
* * * LOW HITPOINT WARNING * * *
Casting: Frozen Ramparts (safe; 1% risk of failure)
Confirm with . or Enter, or press ? or * to list all spells.
Okay, then.
Casting: Frozen Ramparts (safe; 1% risk of failure)
Confirm with . or Enter, or press ? or * to list all spells.
A film of ice covers your body!
The komodo dragon completely misses you.
Casting: Ozocubu's Armour (safe; 1% risk of failure)
Confirm with . or Enter, or press ? or * to list all spells.
Casting: Frozen Ramparts (safe; 1% risk of failure)
Press: ? - help, Dir - look around, f - activate This square is lit by a halo.
The walls around you are covered in ice.
The wall freezes the komodo dragon.
The komodo dragon bites you!
You die...

.... .... .... ....
.... #### ###
####..############
#..#.###....)....##
#####@.......###....##
.#..ll.......)#
#.##..#
.........D..##.####
######.
...#........####.# ##
..........##....###
..#..######.###.#.# .
##. ### ##.## # ###


You could see a komodo dragon, a basilisk and an acid dragon.

Vanquished Creatures
  A hydra (D:7)
  Joseph (D:7)
  Maggie (D:7)
  Prince Ribbit (D:7)
  3 wyverns
  A basilisk (D:9)
  2 water moccasins
  Duvessa (D:7)
  An orc warrior (D:7)
  An ice beast (D:6)
  5 black bears
  2 ogres
  2 necrophages
  3 centaurs
  A phantom (D:6)
  2 kobold brigands
  Blork the orc (D:5)
  4 bullfrogs
  3 scorpions (D:5)
  2 water moccasin skeletons
  Dowan (D:7)
  A wyvern skeleton (D:7)
  5 wights (D:7)
  2 howler monkeys (D:9)
  A bullfrog skeleton (D:6)
  3 hounds
  An orc priest (D:8)
  Crazy Yiuf (D:5)
  2 centaur zombies
  3 iguanas (D:6)
  A scorpion zombie (D:5)
  6 orc wizards
  A killer bee zombie (D:8)
  3 hound skeletons (D:4)
  2 howler monkey zombies
  4 gnolls (D:7)
  5 adders
  A white imp (D:5)
  An adder skeleton (D:2)
  2 worms
  13 dart slugs
  15 orcs
  9 ball pythons
  7 endoplasms
  6 giant cockroaches
  6 goblins
  6 hobgoblins
  10 jackals
  15 kobolds
  7 quokkas
  7 bats
  5 frilled lizards
  9 rats
199 creatures vanquished.

Notes
Turn   | Place    | Note
-------+----------+-------------------------------------------
     0 | D:1      | 101zpm the Draconian Ice Elementalist began the quest for
                  | the Orb.
     0 | D:1      | Reached XP level 1. HP: 14/14 MP: 3/3
   237 | D:2      | Reached XP level 2. HP: 20/20 MP: 3/5
   948 | D:2      | Reached XP level 3. HP: 26/26 MP: 0/6
  1712 | D:3      | Learned a level 3 spell: Frozen Ramparts
  1759 | D:3      | Reached skill level 3 in Spellcasting
  1759 | D:3      | Reached XP level 4. HP: 34/34 MP: 2/8
  1836 | D:3      | Learned a level 3 spell: Ozocubu's Armour
  2473 | D:1      | Reached skill level 5 in Ice Magic
  2761 | D:1      | Reached XP level 5. HP: 39/39 MP: 10/10
  3362 | D:4      | Reached skill level 1 in Short Blades
  3411 | D:4      | Found a staircase to the Ecumenical Temple.
  3532 | Temple   | Entered the Ecumenical Temple
  3770 | Temple   | Became a worshipper of Vehumet
  3806 | D:4      | Reached skill level 1 in Fighting
  3815 | D:4      | Noticed a necrophage
  3831 | D:3      | Reached XP level 6. HP: 40/47 MP: 3/11
  4855 | D:4      | Found an opulent altar of Gozag.
  5005 | D:5      | Entered Level 5 of the Dungeon
  5005 | D:5      | Noticed a water moccasin
  5017 | D:5      | Killed a water moccasin
  5018 | D:5      | Reached skill level 4 in Spellcasting
  5018 | D:5      | Your scales start taking on a dull iron-grey colour.
  5018 | D:5      | Reached XP level 7. HP: 52/52 MP: 6/13
  5074 | D:5      | Learned a level 4 spell: Hailstorm
  5076 | D:5      | Learned a level 1 spell: Pain
  5211 | D:5      | Found a blossoming altar of Fedhas.
  5418 | D:5      | Reached skill level 1 in Necromancy
  5688 | D:5      | Found a runed translucent door.
  5689 | D:5      | Noticed Crazy Yiuf
  5748 | D:5      | Reached skill level 1 in Maces & Flails
  5904 | D:5      | Noticed Blork the orc
  5913 | D:5      | Killed Blork the orc
  5914 | D:5      | Reached XP level 8. HP: 58/61 MP: 4/14
  6991 | D:6      | Reached skill level 5 in Spellcasting
  7206 | D:6      | Reached * piety under Vehumet
  7206 | D:6      | Offered knowledge of Sandblast by Vehumet.
  7208 | D:6      | Found Maxol's Elemental Accessories.
  7773 | D:6      | Reached XP level 9. HP: 56/68 MP: 15/17
  7830 | D:6      | Found a hide-covered altar of Uskayaw.
  8235 | D:7      | Noticed Joseph
  8260 | D:7      | Killed Joseph
  8261 | D:7      | Reached skill level 6 in Spellcasting
  8592 | D:7      | Found a stormy altar of Qazlal.
  8595 | D:7      | Noticed Prince Ribbit
  8609 | D:7      | Killed Prince Ribbit
  8781 | D:7      | Found a hazy altar of Hepliaklqana.
  8828 | D:7      | Found a sparkling altar of Nemelex Xobeh.
  8829 | D:7      | Noticed Maggie
  8848 | D:7      | Killed Maggie
  8849 | D:7      | Reached skill level 5 in Maces & Flails
  9027 | D:7      | Learned a level 1 spell: Sandblast
  9029 | D:7      | Learned a level 1 spell: Shock
  9031 | D:7      | Learned a level 1 spell: Beastly Appendage
  9035 | D:7      | Learned a level 3 spell: Swiftness
  9038 | D:7      | Learned a level 2 spell: Wereblood
  9151 | D:7      | Found a runed translucent gate.
  9151 | D:7      | Found a runed translucent gate.
  9153 | D:7      | Found an opulent altar of Gozag.
  9153 | D:7      | Found a runed translucent gate.
  9155 | D:7      | Noticed Faeu's ghost (amateur MiFi)
  9155 | D:7      | Noticed a skeletal warrior
  9155 | D:7      | Noticed a green ugly thing
  9561 | D:7      | Reached skill level 1 in Conjurations
  9642 | D:7      | Noticed a four-headed hydra
  9649 | D:7      | Killed a four-headed hydra
  9650 | D:7      | Reached skill level 7 in Spellcasting
  9650 | D:7      | Reached XP level 10. HP: 71/77 MP: 17/20
  9764 | D:7      | Noticed Duvessa
  9764 | D:7      | Noticed Dowan
  9774 | D:7      | Killed Duvessa
  9775 | D:7      | Killed Dowan
 10031 | D:7      | Reached ** piety under Vehumet
 10115 | D:5      | Killed Crazy Yiuf
 10116 | D:5      | Reached skill level 1 in Air Magic
 10317 | D:8      | Offered knowledge of Static Discharge by Vehumet.
 10318 | D:8      | Reached skill level 1 in Transmutations
 11110 | D:8      | Identified the ring "Kaonnen" {Fly rN+ Str+5 Dex-2 Slay+3}
 11845 | D:9      | Reached skill level 8 in Spellcasting
 12083 | D:9      | Slain by a komodo dragon

Illustrated notes

Levels and vault maps discovered:
D:1:      dpeg_arrival_subterranean_lakeside_camping, layout_basic
D:2:      layout_loops_ring, serial_forest, infiniplex_forest_lined_room_2,
          infiniplex_forest_zigzag_1, infiniplex_forest_lined_2,
          infiniplex_forest_lined_2, infiniplex_forest_clump_diagonal,
          infiniplex_forest_straight_5, infiniplex_forest_clump_small,
          infiniplex_forest_lined_2, infiniplex_forest_straight_2,
          infiniplex_forest_pool
D:3:      layout_basic
D:4:      kennysheep_slugbush, layout_basic, nicolae_gozag_seed_capital,
          minmay_temple_entry_glass
D:5:      layout_basic, mainiacjoe_overflow_brackets, uniq_blork_the_orc,
          uniq_crazy_yiuf_cottage
D:6:      layout_cave_pools, kennysheep_mini_moat, nicolae_elemental_shop,
          kennysheep_pointless_box, st_stairs_7,
          hangedman_abyss_or_decor_passed, minivault_25
D:7:      layout_loops_cross, mainiacjoe_overflow_catwalk,
          nicolae_qazlal_style_of_elements, nzn_hepliaklqana_mist_gate,
          ebering_ghost_gozag, uniq_prince_ribbit1, uniq_maggie, uniq_duvessa,
          uniq_joseph
D:8:      layout_loops_ring, grunt_decor_cap, glass_columns_a
D:9:      layout_irregular_city, cheibrodos_ashenzari_chains, erik_lair_dragon,
          hiddenorc1_lemuel, uniq_psyche
Temple:   eino_narrow_crystal_temple

Skill      XL: |  1  2  3  4  5  6  7  8  9 10 |
---------------+-------------------------------+-----
Dodging        | 2 3 4 |  4.9
Spellcasting   | 3 4 5 7 8 |  8.0
Ice Magic      | 5 6 7 |  7.8
Stealth        | 2 3 |  3.4
Short Blades   | 2 3 |  3.6
Fighting       | 1 2 3 |  3.8
Necromancy     | 1 2 3 |  3.1
Maces & Flails | 2 4 5 6 |  6.2
Conjurations   | 1 |  1.7
Air Magic      | 1 |  1.0
Transmutations | 1 |  1.3
Unarmed Combat | |  0.3

Action                   |  1- 3 |  4- 6 |  7- 9 | 10-12 || total
-------------------------+-------+-------+-------+-------++-------
Melee: Unarmed           |    51 |       |       |       ||    51
       Tailslap          |     5 |    22 |    32 |    17 ||    76
       Short sword       |     2 |   170 |     4 |       ||   176
       Morningstar       |       |       |   124 |    71 ||   195
       Kick              |       |       |     3 |       ||     3
       Headbutt          |       |       |     2 |       ||     2
 Cast: Freeze            |    53 |    27 |    17 |     1 ||    98
       Frozen Ramparts   |     2 |    12 |    20 |    16 ||    50
       Ozocubu's Armour  |       |     1 |     8 |     6 ||    15
       Pain              |       |       |    40 |    15 ||    55
       Shock             |       |       |    20 |    14 ||    34
       Beastly Appendage |       |       |     2 |     2 ||     4
       Sandblast         |       |       |     1 |       ||     1
       Hailstorm         |       |       |     1 |       ||     1
       Wereblood         |       |       |       |     1 ||     1
  Use: Scroll            |       |     3 |     4 |     2 ||     9
 Stab: Sleeping          |       |     7 |       |       ||     7
Armor: Skin              |    20 |    76 |    97 |    66 ||   259
Dodge: Dodged            |    64 |   123 |   136 |    80 ||   403
